 Dungeon Sprint DCSS version 0.31-a0-801-gc67433417a (webtiles) character file.

Game seed: 9701339595989348114

8 Revguard the Ruffian (level 2, -6/29 HPs)
             Began as a Troll Shapeshifter on Sept 20, 2023.
             Was an Initiate of Jiyva.
             Killed from afar by Exkushra the pandemonium lord (18 damage)
             ... with damnation
             ... in the Dungeon (Sprint V: "Ziggurat Sprint").
             The game lasted 00:01:34 (62 turns).

Revguard the Ruffian (Troll Shapeshifter)             Turns: 62, Time: 00:01:35

Health: -6/29      AC: 20    Str: 33    XL:     2   Next: 0%
Magic:  1/1        EV:  4    Int:  6    God:    Jiyva [......]
Gold:   0          SH:  0    Dex:  9    Spells: 1/1 levels left

rFire   + .          .
                       - Unarmed
rCold   + . .        (no shield)
rNeg    . . .        F - +5 gold dragon scales
rPois   +            (helmet currently unavailable)
rElec   .            (cloak currently unavailable)
rCorr   .            (gloves unavailable)
SInv    .            (boots unavailable)
Will    .....        (no amulet) Stlth
                     A - +6 ring of strength
HPRegen 1.04/turn    B - +6 ring of strength
MPRegen 0.07/turn

%: no teleportation
@: beast-form
A: beast (slay +2), large, unfitting armour, claws 3, regeneration 1, shaggy fur
1, tough skin 1
a: Begin Untransformation, Renounce Religion


You were in the Dungeon.
You worshipped Jiyva.
Jiyva was noncommittal.
You were a hulking beast.
You visited 1 branch

Inventory:

Armour
 a - a +0 animal skin
 F - +5 gold dragon scales (worn)
Jewellery
 v - a ring of flight
 w - a +6 ring of dexterity
 x - a +6 ring of dexterity
 y - a +6 ring of intelligence
 z - a +6 ring of intelligence
 A - a +6 ring of strength (left claw)
 B - a +6 ring of strength (right claw)
Talismans
 c - a beast talisman (active)
 d - a flux talisman
 C - a blade talisman
 D - a maw talisman
 E - a serpent talisman
Wands
 t - a wand of mindburst (7)
 u - a wand of light (5)
Scrolls
 j - 3 scrolls of blinking
 p - 4 scrolls of amnesia
 q - 7 scrolls of fog
 r - 5 scrolls of identify
 s - 2 scrolls of fear
Potions
 b - a potion of lignification
 e - 10 potions of curing
 f - 10 potions of heal wounds
 g - 6 potions of haste
 h - 7 potions of magic
 i - 3 potions of berserk rage
 k - 2 potions of brilliance
 l - 2 potions of invisibility
 m - 4 potions of resistance
 o - 5 potions of might


   Skills:
 + Level 2.4 Fighting
 + Level 2.2 Armour
 + Level 2.9 Dodging
 + Level 4.2 Unarmed Combat
 + Level 1.9 Evocations
 + Level 4.0 Shapeshifting


You had one spell level left.
You didn't know any spells.
Your spell library was empty.

Dungeon Overview and Level Annotations

Branches:
Dungeon (1/1)

Altars:
Ashenzari
Cheibriados
Dithmenos
Elyvilon
Fedhas
Gozag
Hepliaklqana
Kikubaaqudgha
Makhleb
Nemelex Xobeh
Okawaru
Qazlal
Ru
Sif Muna
Trog
Uskayaw
Vehumet
Wu Jian
Xom
Yredelemnul
Zin
The Shining One
Jiyva
Lugonu

Annotations:
D 1 transporter


Innate Abilities, Weirdness & Mutations

You are a hulking beast.
Your limbs bulge with bestial killing power. (Slay +2)
You are too large for most types of armour.
You have claws for hands.
Your natural rate of healing is unusually fast.
You are covered in fur. (AC +1)
You have tough skin. (AC +1)


Message History

An Exkushra and a quasit come into view.
Exkushra sneers, "Away with thee, thou rank two-tin-hat barnacle!"
You hear a distant slurping noise. x2; You hear a splash.
Found a staff of air and a ring of resist corrosion.
Found a transporter.
Press: ? - help, v - describe, . - travel
Here: Exkushra (surrounded by thunder)
The floor.
Okay, then.
You scratch Exkushra.
Exkushra is lightly wounded.
You are engulfed in a thunderstorm.
Ouch! That really hurt!
You hear a distant slurping noise. x4
Exkushra pecks you.
* * * LOW HITPOINT WARNING * * *
Blink to where?
Press: ? - help, Dir - move target
As you read the scroll of blinking, it crumbles to dust.
You hear a distant slurping noise.
Aiming: Bolt of Light
Press: ? - help, Shift-Dir - straight line, f - Exkushra
Aim: Exkushra (lightly wounded, surrounded by thunder, 75% to hit)
The bolt of light hits Exkushra!
Exkushra is lightly wounded.
Exkushra is blinded.
Aiming: Mindburst
Press: ? - help, Shift-Dir - straight line, f/p - Exkushra
Aim: Exkushra (lightly wounded, surrounded by thunder, blind, chance to affect: 0%)
Okay, then.
Aiming: Bolt of Light
Press: ? - help, Shift-Dir - straight line, f/p - Exkushra
Aim: Exkushra (lightly wounded, surrounded by thunder, blind, 75% to hit)
The bolt of light hits Exkushra but does no damage.
Exkushra is lightly wounded.
You hear a distant slurping noise.
Exkushra gestures at you.
The sphere of damnation explodes!
The damnation engulfs you!!
Ouch! That really hurt!
You die...

▓▓▓▓▓▓▓
▓h8©8.▓
▓&§...▓
▓§§§§.▓
▓§§5..▓
▓§.§§.▓
▓.§§§.▓
▓▓▓▓▓▓▓


You could see Exkushra (clouds, blind) and a quasit.

Vanquished Creatures (others)
  2 titans (shapeshifter) (D)
  An acid blob (D)
  3 krakens (D)
  A rockslime (D)
  An anaconda (shapeshifter) (D)
  An eye of devastation (shapeshifter) (D)
  A slime creature (D)
  14 tentacles (D)
24 creatures vanquished.

Notes
Turn   | Place    | Note
-------+----------+-------------------------------------------
     0 | D        | Revguard the Troll Shapeshifter began the quest for the
                  | Orb.
     0 | D        | Reached XP level 1. HP: 18/18 MP: 0/0
     0 | D        | Found a shimmering blue altar of Sif Muna.
     0 | D        | Found a sacrificial altar of Ru.
     0 | D        | Found a bloodstained altar of Trog.
     0 | D        | Found a stormy altar of Qazlal.
     0 | D        | Found an iron altar of Okawaru.
     0 | D        | Found a sparkling altar of Nemelex Xobeh.
     0 | D        | Found a blossoming altar of Fedhas.
     0 | D        | Found the +6 Majin-Bo {spellvamp, MP+6 Int+6}
     0 | D        | Found the +27 heavy crossbow "Sniper" {heavy, Acc+∞ SInv}
     0 | D        | Found the +10 dark maul {heavy}
     0 | D        | Found the +15 Maxwell's patent armour {-Cast -Tele rElec
                  | Will+ rCorr}
     0 | D        | Found the +18 shield of the Gong {Loud rN+ Will+ rCorr
                  | EV-5}
     0 | D        | Found the +16 obsidian axe {drain, demonic, Mesm Drain Fly
                  | SInv}
     0 | D        | Found the +7 great mace "Firestarter" {flame, immolate,
                  | rFlCloud rF++}
     0 | D        | Found the +6 shillelagh "Devastator" {shatter}
     0 | D        | Found the +11 plutonium sword {Contam Stlth-}
     0 | D        | Found the +8 lance "Wyrmbane" {slay drac, rPois rF+ rC+
                  | AC+3}
     0 | D        | Found the +9 sword of Zonguldrok {reap}
     0 | D        | Found the +13 scythe of Curses {drain, curses, Drain}
     0 | D        | Found the +9 sword of Power {lifebolt}
     0 | D        | Found the +7 mace of Variability {chaos, chaos arc}
     0 | D        | Found the +11 Singing Sword {sonic wave}
     0 | D        | Found the +8 storm bow {elec, penet}
     2 | D        | Found a transporter.
     2 | D        | Found an ancient bone altar of Kikubaaqudgha.
     2 | D        | Found a viscous altar of Jiyva.
     2 | D        | Found a corrupted altar of Lugonu.
     2 | D        | Found a hazy altar of Hepliaklqana.
     2 | D        | Found a burning altar of Makhleb.
     2 | D        | Found an opulent altar of Gozag.
    45 | D        | Reached skill level 1 in Evocations
    45 | D        | Reached XP level 2. HP: 29/29 MP: 1/1
    55 | D        | Became a worshipper of Jiyva Juyt the Shapeless
    55 | D        | Killed an anaconda
    57 | D        | Killed an eye of devastation
    57 | D        | Killed a slime creature
    57 | D        | Killed an acid blob
    57 | D        | Killed a kraken
    58 | D        | Entered arena 2.
    58 | D        | Noticed Exkushra the pandemonium lord
    58 | D        | Killed a kraken
    58 | D        | Found a transporter.
    59 | D        | Killed a titan
    61 | D        | Killed a rockslime
    62 | D        | Killed a kraken
    62 | D        | Killed a titan
    62 | D        | Killed from afar by Exkushra the pandemonium lord

Illustrated notes

Levels and vault maps discovered:
D:        sprint_v [room_start, room_1, room_2, room_3, room_4, room_5, room_6,
          room_7, room_8, room_9, room_10, room_11, room_12, room_13, room_14,
          room_15, room_16, room_17, room_18, room_19, room_20, room_21,
          room_22, room_23, room_24, room_25, room_26, room_27]

Skill      XL: |  1 |
---------------+----+-----
Fighting       | 2 |  2.4
Armour         | 2 |  2.2
Dodging        | 2 |  2.9
Unarmed Combat | 4 |  4.2
Evocations     | 1 |  1.9
Shapeshifting  | 4 |  4.0

Action                     || total
---------------------------++-------
  Melee: Unarmed           ||     1
  Evoke: Wand              ||     2
    Use: Potion            ||     1
         Scroll            ||     1
 Armour: Gold dragon scale ||     2

Table legend: (Time is in decaauts)
 A = Elapsed time spent in this place.
 B = Non-inter-level travel time spent in this place.
 C = Inter-level travel time spent in this place.
 D = Time resting spent in this place.
 E = Time spent auto-exploring this place.
 F = Levels seen in this place.
 G = Mean time per level.
                   A        B        C        D        E       F      G
               +--------+--------+--------+--------+--------+-----+--------+
         Total |     60 |     60 |      0 |      0 |      0 |   1 |   60.0 |
       Dungeon |     60 |     60 |      0 |      0 |      0 |   1 |   60.0 |
               +--------+--------+--------+--------+--------+-----+--------+

Top non-repeatable levels by time:
       D: 60 daAuts
